 Dungeon Crawl Stone Soup version 0.30.1 (webtiles) character file.

Game seed: 2674275797726600020

1520 Fodor the Carver (level 8, -3/71 HPs)
             Began as a Minotaur Fighter on July 7, 2023.
             Was an Initiate of Gozag.
             Slain by an ogre
             ... wielding a +0 giant club
              (31 damage)
             ... on level 6 of the Dungeon.
             The game lasted 00:26:22 (4664 turns).

Fodor the Carver (Minotaur Fighter)                 Turns: 4664, Time: 00:26:23

Health: -3/71      AC: 13    Str: 35    XL:     8   Next: 54%
Magic:  7/7        EV: 10    Int:  5    God:    Gozag
Gold:   670        SH:  5    Dex: 10    Spells: 7/7 levels left

rFire   . . .        H - +1 long sword (holy)
rCold   . . .        c - +0 buckler
rNeg    . . .        u - +0 chain mail
rPois   .            (helmet restricted)
rElec   .            b - +0 cloak
rCorr   .            t - +0 pair of gloves
SInv    .            (no boots)
Will    .....        z - amulet of regeneration Stlth
                     f - +6 ring of strength
HPRegen 1.11/turn    p - +6 ring of strength
MPRegen 0.10/turn

%: no passive effects
@: no status effects
A: horns 2, retaliatory headbutt
a: Renounce Religion, Potion Petition, Call Merchant, Bribe Branch


You were on level 6 of the Dungeon.
You worshipped Gozag.
Gozag was pleased with you.
You visited 1 branch of the dungeon, and saw 6 of its levels.

You collected 737 gold pieces.
You paid 67 gold pieces to Gozag.

Inventory:

Hand Weapons
 a - a +0 long sword
 H - a +1 long sword of holy wrath (weapon)
Missiles
 h - 22 poisoned darts (quivered)
 K - 2 throwing nets
Armour
 b - a +0 cloak (worn)
 c - a +0 buckler (worn)
 t - a +0 pair of gloves (worn)
 u - a +0 chain mail (worn)
Jewellery
 f - a +6 ring of strength (left hand)
 k - a ring of resist corrosion
 p - a +6 ring of strength (right hand)
 r - a ring of flight
 z - an amulet of regeneration (around neck)
 A - a ring of magical power
 I - a ring of fire
 L - a ring of see invisible
Wands
 o - a wand of roots (10)
Scrolls
 g - a scroll of poison {unknown}
 i - 4 scrolls of identify {unknown}
 j - a scroll of enchant armour {unknown}
 l - 7 scrolls of immolation {unknown}
 m - 2 scrolls of vulnerability {unknown}
 s - a scroll of noise {unknown}
 w - 2 scrolls of magic mapping {unknown}
 x - a scroll of fog {unknown}
 y - 2 scrolls of enchant weapon {unknown}
 B - a scroll of butterflies {unknown}
 C - a scroll of acquirement {unknown}
 F - a scroll of teleportation {unknown}
 G - a scroll of fear {unknown}
Potions
 d - 2 potions of might
 e - 2 potions of curing {unknown}
 n - a potion of degeneration {unknown}
 q - a potion of attraction {unknown}
 v - a potion of cancellation {unknown}
 D - 2 potions of mutation {unknown}
 E - a potion of resistance {unknown}
 J - a potion of flight {unknown}


   Skills:
 + Level 6.4 Fighting
 + Level 8.9 Long Blades
 + Level 7.3 Armour
 + Level 2.1 Dodging
 + Level 0.3 Stealth
 + Level 5.2 Shields


You had 7 spell levels left.
You didn't know any spells.
Your spell library contained the following spells:

 Spells                   Type           Power      Damage    Failure   Level
 Cigotuvi's Dreadful Rot  Necr/Pois/Air  0%         N/A       95%         2
 Poisonous Vapours        Pois/Air       0%         N/A       95%         2
 Dazzling Flash           Conj/Hex       0%         N/A       99%         3
 Gell's Gravitas          Tloc           0%         N/A       99%         3
 Ignite Poison            Fire/Tmut/Pois 0%         N/A       99%         3
 Mephitic Cloud           Conj/Pois/Air  0%         N/A       99%         3
 Teleport Other           Tloc           0%         N/A       99%         3
 Agony                    Necr           0%         N/A       100%        5
 Freezing Cloud           Conj/Ice/Air   0%         6-21      100%        5
 Silence                  Hex/Air        0%         N/A       100%        5
 Dispersal                Tloc           0%         N/A       100%        6


Dungeon Overview and Level Annotations

Branches:
Dungeon (6/15)
 Temple: D:4-7

Altars:
Ashenzari
Elyvilon
Gozag
Kikubaaqudgha
Ru


Innate Abilities, Weirdness & Mutations

You have a pair of horns on your head.
You reflexively headbutt those who attack you in melee.


Message History

You headbutt the howler monkey.
You kill the howler monkey!
An ogre comes into view. It is wielding a +0 giant club.
The ogre shouts!
The ice beast barely misses you.
You see here 8 gold pieces.
The ice beast barely misses you.
The ice beast hits you but does no damage.
You barely miss the ice beast.
The ice beast hits you but does no damage.
You hit the ice beast but do no damage. You headbutt the ice beast!
The ice beast is moderately wounded.
You block the ice beast's attack.
You closely miss the ice beast. You headbutt the ice beast.
The ice beast is heavily wounded.
The ogre hits you with a +0 giant club!
The ice beast hits you but does no damage.
You closely miss the ice beast.
The ice beast is heavily wounded.
The ice beast hits you but does no damage.
The ogre hits you with a +0 giant club!!
You completely miss the ice beast. Your headbutt misses the ice beast.
The ice beast is heavily wounded.
The ice beast hits you but does no damage.
You slash the ice beast!
You kill the ice beast!
The ogre closely misses you. The ogre attacks as you move away!
You block the ogre's attack.
You see here 13 gold pieces.
The ogre hits you with a +0 giant club!!
You slash the ogre!
The ogre is moderately wounded.
You block the ogre's attack.
You slash the ogre!
The ogre is severely wounded.
You closely miss the ogre.
The ogre is severely wounded.
The ogre hits you with a +0 giant club!!
You die...
Your body crumbles into a pile of gold.

#.#.......... #............
#........... ##.#....... .#
......#.#. .### ......#..####+
...## .......O.#?..## #....#
.......@.#._.#.#.....##
...#...$$#...#.........
#.##....#≈≈≈#..........
..............#...##.........
..............#._.##.....#...
..............#...##....)....
######............'####.##....#>
.....#............##........###
.##.##.......#..............###


You could see an ogre.

Vanquished Creatures
  3 water moccasins (D:6)
  Menkaure (D:5)
  A black bear (D:6)
  An ice beast (D:6)
  A kobold brigand (D:5)
  A bullfrog (D:6)
  2 scorpions
  2 howler monkeys
  2 jellies
  4 hounds (D:5)
  A sleepcap (D:6)
  Terence (D:2)
  An iguana (D:4)
  4 orc wizards (D:5)
  Robin (D:2)
  A gnoll (D:6)
  7 adders
  A white imp (D:5)
  6 worms
  3 dart slugs
  6 orcs (D:5)
  A bat (D:1)
  3 endoplasms
  6 giant cockroaches
  16 goblins
  6 hobgoblins
  5 jackals
  22 kobolds
  4 quokkas
  7 ball pythons
  4 frilled lizards
  4 rats
128 creatures vanquished.

Notes
Turn   | Place    | Note
-------+----------+-------------------------------------------
     0 | D:1      | Fodor the Minotaur Fighter began the quest for the Orb.
     0 | D:1      | Reached XP level 1. HP: 19/19 MP: 0/0
   435 | D:1      | Reached XP level 2. HP: 27/27 MP: 1/1
   888 | D:2      | Reached XP level 3. HP: 33/33 MP: 2/2
  1073 | D:2      | Noticed Robin
  1109 | D:2      | Killed Robin
  1110 | D:2      | Reached skill level 3 in Long Blades
  1110 | D:2      | Reached XP level 4. HP: 18/40 MP: 3/3
  1264 | D:2      | Noticed Terence
  1281 | D:2      | Killed Terence
  1427 | D:2      | Reached skill level 1 in Dodging
  1563 | D:2      | Reached skill level 4 in Long Blades
  1563 | D:2      | Reached XP level 5. HP: 47/47 MP: 4/4
  2225 | D:3      | Found a faded altar of an unknown god.
  2572 | D:4      | Reached skill level 5 in Armour
  2898 | D:4      | Reached XP level 6. HP: 51/53 MP: 5/5
  2926 | D:4      | Found an opulent altar of Gozag.
  2935 | D:4      | Became a worshipper of Gozag Ym Sagoz the Greedy
  2972 | D:4      | Found a broken altar of Ashenzari.
  3334 | D:5      | Entered Level 5 of the Dungeon
  3430 | D:5      | Noticed Menkaure
  3438 | D:5      | Killed Menkaure
  3439 | D:5      | Reached skill level 5 in Long Blades
  3559 | D:5      | Reached XP level 7. HP: 54/60 MP: 6/6
  3578 | D:5      | Found a white marble altar of Elyvilon.
  3679 | D:5      | Reached skill level 5 in Fighting
  3840 | D:5      | Reached skill level 6 in Long Blades
  4452 | D:6      | Reached skill level 7 in Long Blades
  4452 | D:6      | Reached XP level 8. HP: 68/70 MP: 7/7
  4471 | D:6      | Reached skill level 5 in Shields
  4497 | D:6      | Reached skill level 8 in Long Blades
  4634 | D:6      | Found a sacrificial altar of Ru.
  4635 | D:6      | Found an ancient bone altar of Kikubaaqudgha.
  4664 | D:6      | Slain by an ogre

Illustrated notes

Levels and vault maps discovered:
D:1:      minmay_arrival_four_loops, layout_basic, palyth_stone_intersect,
          nrook_mini_vaults
D:2:      layout_rooms, wander_ebering_terrifying_dragon_lair, uniq_robin,
          uniq_terence
D:3:      layout_loops_ring, serial_rivers, chequers_serial_rivers_micro_b,
          chequers_serial_rivers_marsh, chequers_serial_rivers_large_a,
          chequers_serial_rivers_large_b, nicolae_ecumenical_snake_handling,
          serial_bayou_crossing
D:4:      layout_loops_ring, nicolae_ashenzari_skybound,
          nicolae_gozag_seed_capital
D:5:      kennysheep_kobold_camp, layout_basic, amcnicky_altar_gilded,
          uniq_menkaure
D:6:      minmay_angry_zag, layout_cave_pools, vehumet_crystals,
          mainiacjoe_overflow_divided_tiny, temple_doors_e,
          nicolae_stop_n_shop_2, kennysheep_generic_room_12

Skill      XL: |  1  2  3  4  5  6  7  8 |
---------------+-------------------------+-----
Shields        | 4 5 |  5.2
Fighting       | 4 5 6 |  6.4
Armour         | 4 5 6 7 |  7.3
Long Blades    | 3 4 5 7 8 |  8.9
Dodging        | 1 2 |  2.1
Stealth        | |  0.3

Action                     |  1- 3 |  4- 6 |  7- 9 || total
---------------------------+-------+-------+-------++-------
  Melee: Long sword        |    82 |   161 |   185 ||   428
         Headbutt          |    10 |    34 |    33 ||    77
 Armour: Scale mail        |    61 |    24 |       ||    85
         Chain mail        |       |    42 |    90 ||   132
  Dodge: Dodged            |    41 |    73 |    64 ||   178
  Block: Buckler           |    22 |    29 |    30 ||    81
